 Dungeon Crawl Stone Soup version 0.30-a0-782-ge64f9170bb (webtiles) character file.

Game seed: 10756436427468953172

15027 HoaS the Grappler (level 11, -19/115 HPs)
             Began as a Troll Berserker on Mar 7, 2023.
             Was a High Priest of Trog.
             Demolished by a two-headed ogre
             ... wielding a +0 giant club
              (20 damage)
             ... on level 2 of the Orcish Mines.
             The game lasted 00:29:01 (9827 turns).

HoaS the Grappler (Troll Berserker)                 Turns: 9827, Time: 00:29:02

Health: -19/115    AC: 10    Str: 33    XL:     11   Next: 96%
Magic:  10/10      EV: 18    Int:  3    God:    Trog [*****.]
Gold:   580        SH:  0    Dex: 13    Spells: 10/10 levels left

rFire   + . .      SeeInvis .      - Unarmed
rCold   . . .      Faith    .    (no shield)
rNeg    . . .      Spirit   .    D - +0 acid dragon scales
rPois   .          Reflect  .    (helmet restricted)
rElec   .          Harm     .    d - +1 cloak
rCorr   +          Rampage  .    (gloves unavailable)
Will    ++...                    (boots unavailable)
Stlth   +                        (no amulet)
HPRegen 1.19/turn                k - +5 ring of evasion
MPRegen 0.12/turn                c - ring of Noon {+Blink rF+ Will++ Str+6}

@: no status effects
A: large, unfitting armour, claws 3, regeneration 1, shaggy fur 1, tough skin 1
a: Renounce Religion, Evoke Blink, Berserk, Trog's Hand, Brothers in Arms


You were on level 2 of the Orcish Mines.
You worshipped Trog.
Trog was extremely pleased with you.
You visited 2 branches of the dungeon, and saw 12 of its levels.

You collected 800 gold pieces.
You spent 220 gold pieces at shops.

Inventory:

Missiles
 n - 7 curare-tipped darts
 q - 35 poisoned darts (quivered)
 u - 5 boomerangs
 H - 2 throwing nets
 I - 10 large rocks
Armour
 d - a +1 cloak (worn)
 D - +0 acid dragon scales (worn)
Jewellery
 b - a ring of flight
 c - the ring of Noon (right claw) {+Blink rF+ Will++ Str+6}
   (You acquired it on level 3 of the Dungeon)

   [ring of strength]

   Str:       It affects your strength (+6).
   rF:        It protects you from fire.
   +Blink:    It lets you blink.
   Will:      It greatly increases your willpower.
 k - a +5 ring of evasion (left claw)
 l - a +6 ring of dexterity
 p - a ring of protection from cold
 r - a +6 ring of strength
 t - an amulet of reflection
 A - a ring of positive energy
Wands
 f - a wand of polymorph (20)
 v - a wand of roots (32)
 y - a wand of mindburst (17)
 B - a wand of charming (12)
Scrolls
 g - 4 scrolls of teleportation
 x - a scroll of summoning
 E - a scroll of magic mapping
 G - a scroll of blinking {unknown}
Potions
 a - a potion of mutation {unknown}
 e - a potion of lignification {unknown}
 h - a potion of curing
 i - 6 potions of might
 j - 2 potions of ambrosia
 m - 4 potions of flight
 o - a potion of attraction {unknown}
 s - a potion of magic {unknown}
 w - 2 potions of heal wounds
 z - 2 potions of haste
 C - 3 potions of berserk rage
 F - a potion of resistance {unknown}


   Skills:
 * Level 9.1 Fighting
 + Level 6.6 Throwing
 + Level 2.4 Armour
 * Level 9.1 Dodging
 * Level 10.9 Unarmed Combat


You had 10 spell levels left.
You didn't know any spells.
Your spell library contained the following spells:

 Spells                   Type           Power      Damage    Failure   Level
 Apportation              Tloc           0%         N/A       56%         1
 Blink                    Tloc           0%         N/A       71%         2
 Lesser Beckoning         Tloc           0%         N/A       71%         2
 Momentum Strike          Conj/Tloc      0%         3d8       71%         2
 Hailstorm                Conj/Ice       0%         3d3       91%         3
 Ice Form                 Ice/Tmut       0%         N/A       100%        4
 Alistair's Intoxication  Tmut/Pois      0%         N/A       100%        5
 Simulacrum               Ice/Necr       0%         N/A       100%        6


Dungeon Overview and Level Annotations

Branches:
Dungeon (10/15)            Temple (0/1) D:7            Lair (0/5) D:10
    Orc (2/2) D:9
    Elf: Orc:2

Altars:
Ashenzari
Cheibriados
Elyvilon
Fedhas
Makhleb
Nemelex Xobeh
Ru
Trog
Yredelemnul
The Shining One

Shops:
D:5 =   D:6 *   Orc:1 ((

Annotations:
D:10 3 runed translucent doors, caveywoolpert's ghost, journeyman TrEE


Innate Abilities, Weirdness & Mutations

You are too large for most types of armour.
You have claws for hands.
Your natural rate of healing is unusually fast.
You are covered in fur. (AC +1)
You have tough skin. (AC +1)


Message History

You scratch the orc warrior but do no damage.
You barely miss the orc warrior. The orc hits you but does no damage.
The orc warrior completely misses you.
The orc knight roars a battlecry!
The orcs go into a battle-frenzy!
You hear a shout! x3
You completely miss the orc warrior. The orc misses you.
The orc completely misses you. The orc warrior misses you.
An orc warrior comes into view.
It is wielding a +2 battleaxe of electrocution.
You scratch the orc warrior.
The orc warrior is lightly wounded.
The orc hits you with a +0 mace! The orc hits you with a +0 morningstar!
The orc warrior hits you but does no damage.
The orc warrior attacks as you move away!
The orc warrior hits you with a +0 trident!
The orc warrior hits you from afar with a +0 trident!
The orc knight unwields a +3 war axe.
The orc knight wields a +0 arbalest.
The orc knight shoots a bolt.
The bolt hits you!
You eviscerate the orc!!!
You kill the orc!
Trog accepts your kill. The orc completely misses you.
The orc warrior unwields a +2 battleaxe of electrocution.
It stops crackling.
The orc warrior wields a +0 arbalest.
The orc warrior shoots a bolt.
The bolt hits you. The orc misses you.
An orc warrior comes into view. It is wielding a +0 hand axe.
Things that are here:
a +0 mace; an orc corpse An orc warrior comes into view.
It is wielding a +0 halberd.
The orc warrior shouts!
The orc knight shoots a bolt.
The bolt hits you! The orc misses you.
The orc warrior hits you from afar with a +0 trident!
* * * LOW HITPOINT WARNING * * *
An orc warrior comes into view. It is wielding a +0 flail.
An orc comes into view. It is wielding a +0 hand axe.
The two-headed ogre hits you with a +0 giant club!!
* * * LOW HITPOINT WARNING * * *
The two-headed ogre hits you with a +0 giant spiked club!!
You die...

.oo... ...o...
...o... #.....#####
####.......#.#
##........o...### .
........oo.....#..
#... #.O.........
##... ##)@o......#
##.... ##..$...#...
#.....####..........
#......#.#........##
###..............##
##...........###
##..........######
#..........#.##..##
##................#


You could see an orc knight, a two-headed ogre, 4 orc warriors and an orc
(strong).

Vanquished Creatures
  Snorg (D:10)
  Erolcha (D:9)
  2 two-headed ogres (D:9)
  Erica (Orc:1)
  Sonja (Orc:1)
  An orc sorcerer (Orc:1)
  A gargoyle (D:10)
  2 kobold demonologists (D:9)
  A troll (D:7)
  A hornet (D:10)
  4 wyverns (D:10)
  9 yaks
  Eustachio (D:4)
  2 wargs (Orc:1)
  Edmund (D:6)
  6 water moccasins
  An acid dragon (D:9)
  Duvessa (D:5)
  4 orc warriors
  3 sky beasts (D:6)
  6 ice beasts
  4 ogres
  2 black bears
  7 centaurs
  3 wolves (D:10)
  7 kobold brigands
  A phantom (D:4)
  Blork the orc (D:5)
  4 bullfrogs
  A necrophage (D:6)
  4 scorpions
  21 wights
  Dowan (D:5)
  13 killer bees
  3 howler monkeys
  2 lava snakes (D:9)
  A hound (D:4)
  2 orc priests
  5 gnoll boudas
  A jelly (D:6)
  Crazy Yiuf (D:2)
  An iron imp (D:7)
  Jessica (D:3)
  4 iguanas
  8 orc wizards
  Robin (D:2)
  3 adders
  22 gnolls
  A shadow imp (D:5)
  3 white imps
  5 worms
  2 dart slugs
  24 orcs
  6 endoplasms
  A giant cockroach (D:4)
  15 goblins
  9 hobgoblins
  7 jackals
  22 kobolds
  2 quokkas
  3 training dummies (Orc:1)
  4 ball pythons
  7 bats
  7 frilled lizards
  8 rats
300 creatures vanquished.

Vanquished Creatures (others)
  2 fungi (D:10)
  5 plants (D:10)
7 creatures vanquished.

Grand Total: 307 creatures vanquished

Notes
Turn   | Place    | Note
-------+----------+-------------------------------------------
     0 | D:1      | HoaS the Troll Berserker began the quest for the Orb.
     0 | D:1      | Reached XP level 1. HP: 22/22 MP: 0/0
   153 | D:1      | Reached XP level 2. HP: 29/29 MP: 1/1
   688 | D:1      | Reached ** piety under Trog
   831 | D:1      | Reached XP level 3. HP: 35/36 MP: 2/2
  1025 | D:2      | Found a faded altar of an unknown god.
  1209 | D:2      | Reached skill level 1 in Throwing
  1211 | D:2      | Noticed Robin
  1241 | D:2      | Killed Robin
  1242 | D:2      | Reached XP level 4. HP: 44/44 MP: 3/3
  1357 | D:2      | Found a runed translucent door.
  1358 | D:2      | Noticed Crazy Yiuf
  1522 | D:3      | Identified a scroll of acquirement
  1522 | D:3      | Acquired the ring of Noon {+Blink rF+ Will++ Str+6}
  1823 | D:3      | Noticed Jessica
  1828 | D:3      | Killed Jessica
  1829 | D:3      | Reached skill level 4 in Unarmed Combat
  1897 | D:3      | Reached XP level 5. HP: 53/53 MP: 4/4
  2330 | D:2      | Killed Crazy Yiuf
  2380 | D:4      | Found a snail-covered altar of Cheibriados.
  2440 | D:4      | Noticed Eustachio
  2587 | D:4      | Noticed an ice beast
  2596 | D:4      | Killed an ice beast
  2597 | D:4      | Reached XP level 6. HP: 58/62 MP: 5/5
  2629 | D:4      | Killed Eustachio
  2629 | D:4      | Reached *** piety under Trog
  2630 | D:4      | Reached skill level 5 in Unarmed Combat
  2777 | D:4      | Found a sparkling altar of Nemelex Xobeh.
  2777 | D:4      | Found a bloodstained altar of Trog.
  2829 | D:4      | Reached XP level 7. HP: 70/70 MP: 6/6
  3287 | D:5      | Entered Level 5 of the Dungeon
  3291 | D:5      | Noticed Blork the orc
  3300 | D:5      | Killed Blork the orc
  3497 | D:5      | Reached XP level 8. HP: 69/79 MP: 7/7
  3534 | D:5      | Found Cear's Jewellery Emporium.
  3570 | D:5      | Reached skill level 6 in Unarmed Combat
  3802 | D:5      | Found a blossoming altar of Fedhas.
  3827 | D:5      | Noticed Dowan
  3827 | D:5      | Noticed Duvessa
  3828 | D:5      | Killed Dowan
  3828 | D:5      | Reached **** piety under Trog
  3833 | D:5      | Killed Duvessa
  3834 | D:5      | Reached skill level 5 in Fighting
  3834 | D:5      | Reached skill level 5 in Dodging
  4294 | D:6      | Found Rume's Assorted Antiques.
  4380 | D:6      | Noticed Edmund
  4386 | D:6      | Reached skill level 7 in Unarmed Combat
  4410 | D:6      | Killed Edmund
  4411 | D:6      | Reached XP level 9. HP: 79/89 MP: 8/8
  5442 | D:7      | Reached skill level 8 in Unarmed Combat
  5470 | D:7      | Found a burning altar of Makhleb.
  5493 | D:7      | Noticed a troll
  5500 | D:7      | Killed a troll
  5927 | D:7      | Reached ***** piety under Trog
  6188 | D:7      | Found a staircase to the Ecumenical Temple.
  6332 | D:8      | Reached XP level 10. HP: 98/100 MP: 9/9
  6335 | D:8      | Found a broken altar of Ashenzari.
  6698 | D:8      | Found a white marble altar of Elyvilon.
  6752 | D:8      | Found a basalt altar of Yredelemnul.
  6758 | D:8      | Reached skill level 5 in Throwing
  7205 | D:9      | Reached skill level 9 in Unarmed Combat
  7607 | D:9      | Found a staircase to the Orcish Mines.
  7607 | D:9      | Noticed a two-headed ogre
  7620 | D:9      | Killed a two-headed ogre
  7626 | D:9      | Reached XP level 11. HP: 59/111 MP: 10/10
  8070 | D:10     | Entered Level 10 of the Dungeon
  8253 | D:10     | Received a gift from Trog
  8269 | D:10     | Reached skill level 10 in Unarmed Combat
  8291 | D:10     | Found a staircase to the Lair.
  8312 | D:10     | Reached skill level 1 in Armour
  8396 | D:10     | Found a runed translucent gate.
  8396 | D:10     | Found a runed translucent gate.
  8396 | D:10     | Found a runed translucent gate.
  8484 | D:10     | Noticed Snorg
  8499 | D:10     | Killed Snorg
  8552 | D:10     | Found a glowing golden altar of the Shining One.
  8661 | D:10     | Noticed caveywoolpert's ghost (journeyman TrEE)
  8964 | D:10     | Found a sacrificial altar of Ru.
  9123 | Orc:1    | Entered Level 1 of the Orcish Mines
  9225 | Orc:1    | Noticed a two-headed ogre
  9226 | Orc:1    | Noticed Erolcha
  9234 | D:9      | Killed a two-headed ogre
  9359 | D:9      | Killed Erolcha
  9391 | Orc:1    | Noticed Sonja
  9396 | Orc:1    | Killed Sonja
  9454 | Orc:1    | Found Keocet's Firing Range.
  9477 | Orc:1    | Bought a throwing net for 30 gold pieces
  9477 | Orc:1    | Bought 2 boomerangs for 40 gold pieces
  9477 | Orc:1    | Bought 5 large rocks for 75 gold pieces
  9477 | Orc:1    | Bought 3 large rocks for 45 gold pieces
  9477 | Orc:1    | Bought 2 large rocks for 30 gold pieces
  9508 | Orc:1    | Noticed an orc sorcerer
  9523 | Orc:1    | Killed an orc sorcerer
  9551 | Orc:1    | Noticed Erica
  9564 | Orc:1    | Killed Erica
  9669 | Orc:1    | Found Imun's Weapon Shop.
  9751 | Orc:2    | Entered Level 2 of the Orcish Mines
  9818 | Orc:2    | Noticed an orc knight
  9818 | Orc:2    | Noticed a two-headed ogre
  9827 | Orc:2    | HP: 1/115 [two-headed ogre/+0 giant club (21)]
  9827 | Orc:2    | Demolished by a two-headed ogre

Illustrated notes

Levels and vault maps discovered:
D:1:      denvon_arrival_planthouse, layout_loops_corners,
          minmay_misc_feat_rugged, serial_park_tiny_pond
D:2:      layout_rooms, hellmonk_ecumenical_altar_blasted, uniq_robin,
          uniq_crazy_yiuf_cottage
D:3:      layout_basic, dreamdust_mushroom_princess, nicolae_titane,
          uniq_jessica
D:4:      minmay_recursive_quarters, layout_cave_pods, lemuel_round_altar,
          chequers_temple_overflow_statue_of_worship, uniq_eustachio
D:5:      layout_basic, fedhas_altar_3, serial_curves, eino_curves_04,
          eino_curves_03, eino_curves_01, minmay_shop_enchanted_jewellery,
          uniq_duvessa, uniq_blork_the_orc
D:6:      layout_cave_pools, serial_shops, nicolae_shop_stone,
          serial_column_ruins, column_ruins_hut, column_ruins_columns_straight,
          column_ruins_grid_4, column_ruins_open_large, column_ruins_grid_2,
          column_ruins_grid_1, column_ruins_open_small, column_ruins_open_tiny,
          uniq_edmund
D:7:      layout_layer_cave, makhleb_grotto_becter, temple_hall,
          serial_bayou_crossing
D:8:      kennysheep_spiral_hall, layout_basic, ashenzari_conservatory_becter,
          elyvilon_altar_3, overflow_temple_1_default
D:9:      layout_basic, orc_0_dummy, grunt_ministairs_14,
          kennysheep_generic_room_16
D:10:     layout_irregular_city, nicolae_ru_path_of_blood,
          mainiacjoe_overflow_surrounded_room, minmay_lair_entry_grove,
          gammafunk_ghost_icy, uniq_snorg
Orc:1:    layout_diamond_mine, serial_shops, nicolae_shop_statue_plus,
          nicolae_shop_firing_range, uniq_erolcha, uniq_sonja, uniq_erica
Orc:2:    grunt_orc_cross, layout_diamond_mine, mines1_david

Skill      XL: |  1  2  3  4  5  6  7  8  9 10 11 |
---------------+----------------------------------+-----
Throwing       | 1 2 3 4 5 6 |  6.6
Fighting       | 3 4 5 6 8 9 |  9.1
Dodging        | 3 4 5 6 8 9 |  9.1
Unarmed Combat | 4 5 7 8 9 10 | 10.9
Armour         | 2 |  2.4

Action                     |  1- 3 |  4- 6 |  7- 9 | 10-12 || total
---------------------------+-------+-------+-------+-------++-------
  Melee: Unarmed           |   113 |   141 |   260 |   367 ||   881
         Punch             |     1 |     1 |    10 |    19 ||    31
  Throw: Dart              |     1 |    12 |       |    14 ||    27
         Boomerang         |       |       |     5 |       ||     5
 Invoke: Berserk           |       |       |       |     2 ||     2
         Trog's Hand       |       |       |       |     1 ||     1
    Use: Scroll            |       |     5 |     6 |     7 ||    18
         Potion            |       |       |       |     2 ||     2
   Stab: Sleeping          |     1 |       |     1 |       ||     2
 Armour: Animal skin       |    38 |    39 |     4 |       ||    81
         Robe              |       |       |    29 |    42 ||    71
         Acid dragon scale |       |       |       |    41 ||    41
  Dodge: Dodged            |    75 |   151 |   186 |   346 ||   758

Table legend: (Time is in decaauts)
 A = Elapsed time spent in this place.
 B = Non-inter-level travel time spent in this place.
 C = Inter-level travel time spent in this place.
 D = Time resting spent in this place.
 E = Time spent auto-exploring this place.
 F = Levels seen in this place.
 G = Mean time per level.
                   A        B        C        D        E       F      G
               +--------+--------+--------+--------+--------+-----+--------+
         Total |   9726 |   9338 |    388 |    928 |   6405 |  12 |  810.5 |
       Dungeon |   9164 |   8792 |    372 |    783 |   6148 |  10 |  916.4 |
  Orcish Mines |    562 |    547 |     15 |    145 |    257 |   2 |  281.0 |
               +--------+--------+--------+--------+--------+-----+--------+

Top non-repeatable levels by time:
     D:7: 1301 daAuts
     D:9: 1148 daAuts
     D:1: 1030 daAuts
    D:10: 1007 daAuts
     D:4: 895 daAuts
     D:5: 886 daAuts
     D:3: 810 daAuts
     D:6: 798 daAuts
     D:8: 758 daAuts
     D:2: 525 daAuts
   Orc:1: 500 daAuts
   Orc:2: 61 daAuts
